 Dungeon Sprint DCSS version 0.25.1-8-g42b30a86e7 (webtiles) character file.

Game seed: 2941778395989546312

2002 radhat240 the Severer (level 9, -6/90 HPs)
             Began as a Minotaur Fighter on Dec 11, 2020.
             Was a Priest of Makhleb.
             Mangled by a 12-headed hydra (12 damage)
             ... in the Dungeon (Sprint IX: "|||||||||||||||||||||||||||||").
             The game lasted 00:03:44 (593 turns).

radhat240 the Severer (Minotaur Fighter)             Turns: 593, Time: 00:03:45

Health: -6/90      AC: 11    Str: 29    XL:     9   Next: 2%
Magic:  8/8        EV: 11    Int:  5    God:    Makhleb [***...]
Gold:   27         SH: 12    Dex: 11    Spells: 8/8 levels left

rFire    . . .     SeeInvis .   p - +3 broad axe (freeze)
rCold    + . .     Gourm    .   c - +0 kite shield
rNeg     . . .     Faith    .   w - +1 scale mail {rC+}
rPois    .         Spirit   .   (helmet restricted)
rElec    .         Reflect  .   q - +0 cloak
rCorr    .         Harm     .   (no gloves)
MR       .....     NoTele   +   (no boots)
Stlth    ..........             (no amulet)
HPRegen  0.25/turn              t - +3 ring of strength
MPRegen  0.11/turn              s - +3 ring of strength

@: mighty
A: retaliatory headbutt, horns 2
a: Minor Destruction, Lesser Servant of Makhleb, Renounce Religion


You were in the Dungeon.
You worshipped Makhleb.
Makhleb was most pleased with you.
You were not hungry.

You visited 1 branch You collected 27 gold pieces.

Inventory:

Hand Weapons
 a - a +0 war axe
 p - a +3 broad axe of freezing (weapon)
Armour
 b - a +0 scale mail
 c - a +0 kite shield (worn)
 q - a +0 cloak (worn)
 r - a +1 scale mail
 w - a +1 scale mail of cold resistance (worn)
Jewellery
 s - a +3 ring of strength (right hand)
 t - a +3 ring of strength (left hand)
Wands
 o - a wand of iceblast (10)
Scrolls
 k - 3 scrolls of blinking
 m - 3 scrolls of remove curse
 n - 2 scrolls of amnesia
 x - a scroll of fog
 y - 2 scrolls of fear
Potions
 e - 5 potions of curing
 g - 5 potions of heal wounds
 h - 2 potions of haste
 i - 4 potions of magic
 j - 2 potions of berserk rage
 l - a potion of invisibility
 v - a potion of mutation
Comestibles
 f - a ration


   Skills:
 + Level 11.8 Fighting
 + Level 15.1 Axes
 + Level 10.6 Armour
 + Level 4.5 Dodging
 + Level 10.0 Shields


You had 8 spell levels left.
You didn't know any spells.
Your spell library was empty.

Dungeon Overview and Level Annotations

Branches:
Dungeon (1/1)

Altars:
Cheibriados
Dithmenos
Elyvilon
Fedhas
Gozag
Hepliaklqana
Kikubaaqudgha
Makhleb
Nemelex Xobeh
Okawaru
Qazlal
Ru
Sif Muna
Trog
Uskayaw
Vehumet
Wu Jian
Xom
Yredelemnul
Zin
The Shining One
Beogh
Jiyva
Lugonu


Innate Abilities, Weirdness & Mutations

You reflexively headbutt those who attack you in melee.
You have a pair of horns on your head.


Message History

* * * LOW HITPOINT WARNING * * *
The 11-headed hydra bites you!
* * * LOW HITPOINT WARNING * * *
You block the 11-headed hydra's attack.
You lop one of the 11-headed hydra's heads off!
The ten-headed hydra grows two more!
You slash the 12-headed hydra!
The 12-headed hydra seems to slow down.
You freeze the 12-headed hydra.
The 12-headed hydra is severely wounded.
You feel much better.
The 12-headed hydra bites you but does no damage.
The 12-headed hydra barely misses you. You block the 12-headed hydra's attack.
The 12-headed hydra barely misses you. You block the 12-headed hydra's attack.
The 12-headed hydra bites you!
* * * LOW HITPOINT WARNING * * *
The 12-headed hydra barely misses you.
The 12-headed hydra bites you but does no damage.
The 12-headed hydra bites you!
* * * LOW HITPOINT WARNING * * *
The 12-headed hydra bites you!
You die...

▓▓▓▓▓
▓...▓
▓.▓@▓
▓'▓D▓
▓.▓H▓
▓.▓.▓
▓.▓.▓
▓†▓.▓
▓.▓.▓
▓)▓.▓
▓'▓.▓


You could see a 12-headed hydra (slow) and a hippogriff.

Vanquished Creatures
  A centaur warrior (D)
  An unseen horror (D)
  A hippogriff (D)
  A spriggan (shapeshifter) (D)
  A hungry ghost (D)
  An ice beast (D)
  An orc warrior (D)
  A sky beast (D)
  A killer bee (D)
  An orc wizard (D)
  2 worker ants (D)
  An adder skeleton (D)
  A worm (D)
  A dart slug (D)
  An orc (D)
  A bat (D)
  A goblin (D)
  2 hobgoblins (D)
  A jackal (D)
  A giant cockroach zombie (D)
22 creatures vanquished.

Notes
Turn   | Place    | Note
-------+----------+-------------------------------------------
     0 | D        | radhat240 the Minotaur Fighter began the quest for the Orb.
     0 | D        | Reached XP level 1. HP: 19/19 MP: 0/0
    14 | D        | Reached XP level 2. HP: 23/28 MP: 1/1
    27 | D        | Reached skill level 5 in Fighting
    27 | D        | Reached skill level 3 in Axes
    27 | D        | Reached skill level 5 in Armour
    27 | D        | Reached skill level 5 in Shields
    27 | D        | Reached XP level 3. HP: 14/36 MP: 2/2
    36 | D        | Reached skill level 4 in Axes
   240 | D        | Found a roughly hewn altar of Beogh.
   240 | D        | Found a snail-covered altar of Cheibriados.
   240 | D        | Found a shadowy altar of Dithmenos.
   240 | D        | Found a white marble altar of Elyvilon.
   240 | D        | Found a blossoming altar of Fedhas.
   240 | D        | Found an opulent altar of Gozag.
   241 | D        | Found a hazy altar of Hepliaklqana.
   242 | D        | Found a viscous altar of Jiyva.
   243 | D        | Found an ancient bone altar of Kikubaaqudgha.
   244 | D        | Found a corrupted altar of Lugonu.
   245 | D        | Found a burning altar of Makhleb.
   246 | D        | Found a sparkling altar of Nemelex Xobeh.
   247 | D        | Found an iron altar of Okawaru.
   248 | D        | Found a stormy altar of Qazlal.
   249 | D        | Found a sacrificial altar of Ru.
   250 | D        | Found a shimmering blue altar of Sif Muna.
   251 | D        | Found a bloodstained altar of Trog.
   252 | D        | Found a hide-covered altar of Uskayaw.
   253 | D        | Became a worshipper of Makhleb the Destroyer
   254 | D        | Found a radiant altar of Vehumet.
   255 | D        | Found an ornate altar of the Wu Jian Council.
   256 | D        | Found a shimmering altar of Xom.
   257 | D        | Found a basalt altar of Yredelemnul.
   258 | D        | Found a glowing silver altar of Zin.
   259 | D        | Found a glowing golden altar of the Shining One.
   304 | D        | Noticed an orc warrior
   304 | D        | Noticed a sky beast
   304 | D        | Noticed a killer bee
   306 | D        | Reached skill level 5 in Axes
   306 | D        | Reached XP level 4. HP: 44/44 MP: 3/3
   308 | D        | Reached skill level 6 in Axes
   308 | D        | Reached skill level 1 in Dodging
   314 | D        | Killed a sky beast
   314 | D        | Reached * piety under Makhleb
   314 | D        | Reached skill level 8 in Axes
   314 | D        | Reached XP level 5. HP: 17/53 MP: 4/4
   321 | D        | Killed an orc warrior
   321 | D        | Reached ** piety under Makhleb
   321 | D        | Reached skill level 9 in Axes
   321 | D        | Reached XP level 6. HP: 29/62 MP: 5/5
   335 | D        | Noticed a guardian serpent
   335 | D        | Noticed a hippogriff
   335 | D        | Noticed a hungry ghost
   335 | D        | Noticed an ice beast
   335 | D        | Noticed a centaur warrior
   342 | D        | Noticed a spriggan
   342 | D        | a guardian serpent changed into a spriggan
   344 | D        | Killed a centaur warrior
   344 | D        | Reached skill level 10 in Fighting
   344 | D        | Reached skill level 12 in Axes
   344 | D        | Reached XP level 7. HP: 11/73 MP: 6/6
   347 | D        | Reached skill level 13 in Axes
   347 | D        | Reached XP level 8. HP: 54/81 MP: 7/7
   352 | D        | Killed an unseen horror
   352 | D        | Reached skill level 14 in Axes
   352 | D        | Reached skill level 10 in Armour
   358 | D        | Reached *** piety under Makhleb
   360 | D        | Killed a hippogriff
   362 | D        | Reached skill level 15 in Axes
   362 | D        | Reached skill level 10 in Shields
   362 | D        | Reached XP level 9. HP: 68/90 MP: 8/8
   495 | D        | Noticed a komodo dragon
   495 | D        | Noticed a spiny frog
   495 | D        | Noticed a six-headed hydra
   593 | D        | Mangled by a 12-headed hydra

Illustrated notes

Levels and vault maps discovered:
D:        linesprint [early_d, line_temple, items_1, d_10, items_2, lair_1,
          lair_end, items_3, orc_1, orc_end, items_4, d_15, swamp_1, shoals_1,
          snake_1, spider_1, d_20, vaults_1, items_5, swamp_end, shoals_end,
          snake_end, spider_end, vaults_end, d_27, items_6, zot_1, zot_end,
          crypt_end, forest_end, elf_end, slime_end, tomb_end, abyss_end,
          pan_hell_end]

Skill      XL: |  1  2  3  4  5  6  7  8 |
---------------+-------------------------+-----
Fighting       | 4 5 6 7 8 10 11 | 11.8
Armour         | 4 5 7 9 10 | 10.6
Shields        | 4 5 7 9 10 | 10.0
Axes           | 3 5 8 9 12 13 15 | 15.1
Dodging        | 1 2 3 4 |  4.5

Action                   |  1- 3 |  4- 6 |  7- 9 || total
-------------------------+-------+-------+-------++-------
Melee: War axe           |    30 |       |       ||    30
       Headbutt          |     4 |     5 |     6 ||    15
       Broad axe         |     2 |    23 |    23 ||    48
  Use: Potion            |       |       |     3 ||     3
       Scroll            |       |       |     2 ||     2
  Eat: Chunk             |       |       |     1 ||     1
Armor: Scale mail        |     8 |    11 |     9 ||    28
Dodge: Dodged            |    11 |     5 |    17 ||    33
Block: Kite shield       |    12 |     8 |    22 ||    42
